[ AOE2 MATCH · #504534216 ]
UnrankedKoreans vs Goths
Player's team · LOSS
Rival team · WIN
[ REPLAY ANALYSIS · EXTRACTED FROM THE RECORDED GAME ]
Feudal
10:05
Castle
21:14
Imperial
34:01
| APM avg | 110.1 |
| APM peak | 204 |
| eAPM avg | 61.0 |
| Villagers / military | 148 / 112 |
Focus
⚔️ 72.0% · 🌾 28.0%
Archer ×61 · Fire Lancer ×47 · Militia ×4
Feudal
11:59
Castle
19:52
Imperial
—
| APM avg | 69.4 |
| APM peak | 115 |
| eAPM avg | 31.2 |
| Villagers / military | 145 / 106 |
Focus
⚔️ 27.3% · 🌾 72.7%
Huskarl ×82 · Archer ×20 · Militia ×3 · Skirmisher ×1
Match map
Initial resources + every placement click. Lines = walls · curves = elevation contours. ◆ gold · ⬟ stone · ● berries · ✦ relic · ◌ wall gap
Your base· Open — opponent sealed themselves in
Mawashigeri's base· ✓ Closed at 19:52 · 75t walls · no gate
Smoothed initial terrain · ◌ = detected wall gap · hover for details
Inputs per minute
— [VL] Lil Franco - - Mawashigeri
Build order — [VL] Lil Franco
First 150 of 417 actions detected
| 0:00 | Create | Villager (Male) |
| 0:01 | Create | Villager (Male) |
| 0:02 | Build | House |
| 0:02 | Build | House |
| 0:06 | Research | Loom |
| 0:12 | Create | Villager (Male) |
| 0:12 | Create | Villager (Male) |
| 0:12 | Create | Villager (Male) |
| 1:24 | Create | Villager (Male) |
| 1:30 | Build | Lumber Camp |
| 1:57 | Create | Villager (Male) |
| 2:31 | Create | Villager (Male) |
| 2:31 | Create | Villager (Male) |
| 2:47 | Create | Villager (Male) |
| 3:17 | Create | Villager (Male) |
| 3:17 | Create | Villager (Male) |
| 3:47 | Create | Villager (Male) |
| 3:51 | Build | House |
| 3:55 | Create | Villager (Male) |
| 4:13 | Create | Villager (Male) |
| 4:13 | Create | Villager (Male) |
| 4:38 | Create | Villager (Male) |
| 4:49 | Build | Barracks |
| 5:07 | Create | Villager (Male) |
| 5:08 | Research | Loom |
| 5:19 | Create | Villager (Male) |
| 5:49 | Build | Mill |
| 6:04 | Create | Villager (Male) |
| 6:27 | Create | Villager (Male) |
| 6:51 | Build | Palisade Wall |
| 7:19 | Create | Villager (Male) |
| 7:21 | Build | House |
| 7:50 | Build | Palisade Wall |
| 7:53 | Build | Mill |
| 7:55 | Research | Feudal Age |
| 7:55 | Research | Feudal Age |
| 7:55 | Research | Feudal Age |
| 8:45 | Create | Villager (Male) |
| 9:23 | Build | Mining Camp |
| 10:05 | Age | Feudal Age |
| 10:07 | Create | Villager (Male) |
| 10:12 | Create | Militia |
| 10:20 | Build | Archery Range |
| 10:36 | Create | Militia |
| 10:36 | Create | Militia |
| 10:36 | Create | Villager (Male) |
| 10:48 | Research | Double-Bit Axe |
| 10:48 | Research | Double-Bit Axe |
| 10:49 | Create | Villager (Male) |
| 10:49 | Create | Villager (Male) |
| 10:51 | Build | Farm |
| 11:15 | Build | House |
| 11:17 | Create | Villager (Male) |
| 11:23 | Build | Farm |
| 11:24 | Build | Farm |
| 11:34 | Create | Archer |
| 11:35 | Create | Archer |
| 11:41 | Build | House |
| 11:46 | Create | Villager (Male) |
| 12:01 | Create | Militia |
| 12:07 | Build | Farm |
| 12:08 | Build | Farm |
| 12:09 | Build | Farm |
| 12:16 | Create | Villager (Male) |
| 12:17 | Create | Villager (Male) |
| 12:42 | Build | Farm |
| 12:45 | Create | Villager (Male) |
| 12:45 | Create | Villager (Male) |
| 12:49 | Build | Blacksmith |
| 12:51 | Create | Archer |
| 12:51 | Create | Archer |
| 13:10 | Create | Villager (Male) |
| 13:11 | Create | Villager (Male) |
| 13:18 | Build | House |
| 13:32 | Create | Archer |
| 13:33 | Create | Archer |
| 13:37 | Build | Farm |
| 13:37 | Create | Villager (Male) |
| 13:37 | Create | Villager (Male) |
| 13:53 | Create | Villager (Male) |
| 13:53 | Create | Villager (Male) |
| 13:54 | Create | Archer |
| 13:56 | Build | House |
| 13:58 | Build | Palisade Wall |
| 13:59 | Build | Palisade Wall |
| 14:07 | Create | Villager (Male) |
| 14:09 | Build | Farm |
| 14:13 | Create | Archer |
| 14:14 | Create | Archer |
| 14:21 | Research | Man-at-Arms (upgrade) |
| 14:21 | Research | Man-at-Arms (upgrade) |
| 14:22 | Research | Man-at-Arms (upgrade) |
| 14:31 | Create | Villager (Male) |
| 14:31 | Create | Villager (Male) |
| 14:37 | Build | Farm |
| 14:37 | Build | Farm |
| 14:37 | Build | Farm |
| 14:37 | Build | Farm |
| 14:37 | Build | Farm |
| 14:38 | Build | Farm |
| 14:38 | Build | Farm |
| 14:38 | Build | Farm |
| 14:38 | Build | Farm |
| 14:38 | Build | Farm |
| 14:50 | Create | Villager (Male) |
| 14:54 | Create | Archer |
| 14:58 | Create | Villager (Male) |
| 15:01 | Build | House |
| 15:04 | Build | Palisade Wall |
| 15:18 | Create | Archer |
| 15:19 | Create | Archer |
| 15:25 | Research | Fletching |
| 15:25 | Research | Fletching |
| 15:26 | Research | Fletching |
| 15:28 | Create | Villager (Male) |
| 15:29 | Build | Market |
| 15:42 | Build | House |
| 15:44 | Build | Palisade Wall |
| 15:45 | Create | Villager (Male) |
| 15:48 | Build | Palisade Wall |
| 15:52 | Create | Archer |
| 15:52 | Create | Archer |
| 15:58 | Create | Villager (Male) |
| 16:10 | Create | Villager (Male) |
| 16:19 | Build | Farm |
| 16:28 | Create | Villager (Male) |
| 16:52 | Create | Archer |
| 16:54 | Create | Archer |
| 16:59 | Create | Archer |
| 17:14 | Create | Villager (Male) |
| 17:33 | Create | Archer |
| 17:33 | Create | Villager (Male) |
| 17:48 | Create | Villager (Male) |
| 17:51 | Create | Villager (Male) |
| 17:58 | Create | Archer |
| 18:01 | Create | Archer |
| 18:06 | Build | Palisade Gate |
| 18:34 | Research | Castle Age |
| 18:34 | Research | Castle Age |
| 18:34 | Create | Archer |
| 18:50 | Create | Villager (Male) |
| 18:57 | Create | Archer |
| 18:57 | Create | Archer |
| 18:57 | Create | Archer |
| 19:05 | Research | Horse Collar |
| 19:06 | Research | Horse Collar |
| 19:08 | Create | Archer |
| 19:09 | Create | Villager (Male) |
| 19:14 | Create | Villager (Male) |
| 19:19 | Create | Archer |
Build order — Mawashigeri
First 150 of 449 actions detected
| 0:00 | Research | Loom |
| 0:04 | Build | House |
| 0:05 | Build | House |
| 0:05 | Create | Villager (Male) |
| 0:07 | Create | Villager (Male) |
| 0:08 | Create | Villager (Male) |
| 0:08 | Create | Villager (Male) |
| 0:08 | Create | Villager (Male) |
| 1:31 | Create | Villager (Male) |
| 1:49 | Build | Lumber Camp |
| 1:51 | Create | Villager (Male) |
| 2:27 | Create | Villager (Male) |
| 2:55 | Create | Villager (Male) |
| 3:08 | Create | Villager (Male) |
| 3:42 | Create | Villager (Male) |
| 3:58 | Build | House |
| 4:13 | Create | Villager (Male) |
| 4:32 | Create | Villager (Male) |
| 4:43 | Build | Barracks |
| 4:57 | Create | Villager (Male) |
| 5:19 | Build | House |
| 5:30 | Create | Villager (Male) |
| 5:36 | Create | Militia |
| 5:48 | Create | Villager (Male) |
| 5:50 | Create | Militia |
| 6:04 | Build | House |
| 6:13 | Create | Militia |
| 6:26 | Build | House |
| 6:26 | Create | Villager (Male) |
| 6:37 | Build | Palisade Wall |
| 6:45 | Create | Villager (Male) |
| 7:14 | Create | Villager (Male) |
| 7:21 | Build | House |
| 7:26 | Build | Mill |
| 7:44 | Create | Villager (Male) |
| 7:48 | Build | Palisade Wall |
| 7:53 | Build | Palisade Wall |
| 7:54 | Build | Palisade Wall |
| 8:05 | Create | Villager (Male) |
| 8:24 | Create | Villager (Male) |
| 8:36 | Build | Palisade Wall |
| 8:44 | Build | Palisade Wall |
| 8:53 | Create | Villager (Male) |
| 9:17 | Build | Mill |
| 9:21 | Build | Palisade Wall |
| 9:23 | Create | Villager (Male) |
| 9:46 | Research | Feudal Age |
| 10:12 | Build | Palisade Wall |
| 10:49 | Build | Mining Camp |
| 11:10 | Build | Palisade Wall |
| 11:12 | Create | Villager (Male) |
| 11:23 | Build | Palisade Wall |
| 11:59 | Age | Feudal Age |
| 12:01 | Build | Archery Range |
| 12:02 | Research | Double-Bit Axe |
| 12:12 | Build | House |
| 12:17 | Create | Villager (Male) |
| 12:21 | Research | Horse Collar |
| 12:39 | Create | Villager (Male) |
| 12:40 | Create | Villager (Male) |
| 12:50 | Create | Skirmisher |
| 12:56 | Build | House |
| 13:06 | Create | Archer |
| 13:15 | Build | Farm |
| 13:17 | Build | Farm |
| 13:23 | Build | Palisade Wall |
| 13:27 | Build | Palisade Wall |
| 13:28 | Create | Archer |
| 13:29 | Create | Villager (Male) |
| 13:33 | Build | Farm |
| 13:51 | Build | Farm |
| 13:56 | Build | Farm |
| 13:57 | Create | Villager (Male) |
| 14:01 | Build | Farm |
| 14:13 | Build | House |
| 14:16 | Create | Archer |
| 14:25 | Build | Farm |
| 14:30 | Create | Archer |
| 14:30 | Create | Villager (Male) |
| 14:55 | Create | Villager (Male) |
| 15:00 | Build | Farm |
| 15:05 | Build | Farm |
| 15:09 | Create | Villager (Male) |
| 15:27 | Build | Farm |
| 15:29 | Create | Archer |
| 15:38 | Build | Farm |
| 15:40 | Create | Villager (Male) |
| 16:05 | Build | Blacksmith |
| 16:08 | Create | Villager (Male) |
| 16:23 | Build | House |
| 16:26 | Build | House |
| 16:39 | Research | Fletching |
| 16:40 | Create | Villager (Male) |
| 16:43 | Create | Archer |
| 16:47 | Build | House |
| 16:49 | Build | House |
| 16:53 | Build | Palisade Wall |
| 16:55 | Build | Palisade Wall |
| 17:09 | Create | Villager (Male) |
| 17:12 | Research | Castle Age |
| 17:20 | Create | Archer |
| 17:24 | Research | Padded Archer Armor |
| 17:28 | Build | Farm |
| 17:36 | Build | Farm |
| 17:44 | Build | House |
| 17:45 | Create | Archer |
| 17:59 | Create | Villager (Male) |
| 18:04 | Build | House |
| 18:14 | Build | Palisade Wall |
| 18:17 | Create | Archer |
| 19:15 | Build | House |
| 19:43 | Create | Archer |
| 19:49 | Research | Wheelbarrow |
| 19:52 | Age | Castle Age |
| 19:53 | Build | Town Center |
| 19:57 | Create | Villager (Male) |
| 19:59 | Research | Bodkin Arrow |
| 20:00 | Research | Crossbowman (upgrade) |
| 20:32 | Build | Town Center |
| 20:34 | Create | Villager (Male) |
| 20:39 | Create | Villager (Male) |
| 20:44 | Create | Archer |
| 20:47 | Build | Palisade Gate |
| 20:54 | Build | Farm |
| 20:55 | Build | Farm |
| 21:02 | Create | Villager (Male) |
| 21:03 | Create | Villager (Male) |
| 21:19 | Create | Archer |
| 21:23 | Build | Farm |
| 21:25 | Build | Farm |
| 21:30 | Create | Villager (Male) |
| 21:32 | Create | Archer |
| 21:44 | Create | Villager (Male) |
| 21:55 | Build | Market |
| 21:59 | Create | Villager (Male) |
| 22:01 | Create | Archer |
| 22:23 | Create | Villager (Male) |
| 22:25 | Build | University |
| 22:30 | Create | Villager (Male) |
| 22:31 | Create | Villager (Male) |
| 22:45 | Create | Villager (Male) |
| 22:46 | Create | Villager (Male) |
| 22:49 | Create | Archer |
| 23:03 | Create | Villager (Male) |
| 23:08 | Research | Leather Archer Armor |
| 23:13 | Create | Villager (Male) |
| 23:13 | Create | Archer |
| 23:21 | Research | Ballistics |
| 23:21 | Research | Ballistics |
| 23:27 | Build | Mining Camp |
Match timeline
| 4:43 | Mawashigeri · first_building Barracks |
| 4:49 | [VL] Lil Franco · first_building Barracks |
| 6:37 | Mawashigeri · wall_segment Palisade Wall x9 |
| 6:51 | [VL] Lil Franco · wall_segment Palisade Wall x7 |
| 7:48 | Mawashigeri · wall_segment Palisade Wall x6 |
| 7:50 | [VL] Lil Franco · wall_segment Palisade Wall x5 |
| 7:53 | Mawashigeri · wall_segment Palisade Wall x4 |
| 7:54 | Mawashigeri · wall_segment Palisade Wall x4 |
| 8:36 | Mawashigeri · wall_segment Palisade Wall x10 |
| 8:44 | Mawashigeri · wall_segment Palisade Wall x14 |
| 9:21 | Mawashigeri · wall_segment Palisade Wall x5 |
| 10:05 | [VL] Lil Franco · age_up feudal |
| 10:12 | Mawashigeri · wall_segment Palisade Wall x7 |
| 10:20 | [VL] Lil Franco · first_building Archery Range |
| 11:10 | Mawashigeri · wall_segment Palisade Wall x1 |
| 11:23 | Mawashigeri · wall_segment Palisade Wall x9 |
| 11:59 | Mawashigeri · age_up feudal |
| 12:01 | Mawashigeri · first_building Archery Range |
| 13:23 | Mawashigeri · wall_segment Palisade Wall x1 |
| 13:27 | Mawashigeri · wall_segment Palisade Wall x1 |
| 13:58 | [VL] Lil Franco · wall_segment Palisade Wall x4 |
| 13:59 | [VL] Lil Franco · wall_segment Palisade Wall x1 |
| 15:04 | [VL] Lil Franco · wall_segment Palisade Wall x3 |
| 15:44 | [VL] Lil Franco · wall_segment Palisade Wall x9 |
| 15:48 | [VL] Lil Franco · wall_segment Palisade Wall x7 |
| 16:50 | [VL] Lil Franco · first_market_sell 100 stone |
| 16:51 | [VL] Lil Franco · first_market_buy 100 food |
| 16:53 | Mawashigeri · wall_segment Palisade Wall x3 |
| 16:55 | Mawashigeri · wall_segment Palisade Wall x1 |
| 18:14 | Mawashigeri · wall_segment Palisade Wall x1 |
| 19:52 | Mawashigeri · age_up castle |
| 20:34 | [VL] Lil Franco · wall_segment Palisade Wall x1 |
| 21:14 | [VL] Lil Franco · age_up castle |
| 26:27 | Mawashigeri · first_building Castle |
| 30:04 | [VL] Lil Franco · first_building Monastery |
| 32:23 | Mawashigeri · first_market_buy 100 food |
| 34:01 | [VL] Lil Franco · age_up imperial |
| 35:45 | Mawashigeri · first_market_sell 100 food |
| 35:46 | [VL] Lil Franco · resign |
[ AI ANALYSIS · 1 CREDIT ]
What really happened in this match?
Wolo.gg analyzes every decision: build order, eco, micro, common mistakes by bracket. Personalized analysis on WhatsApp or Discord in 30 seconds.
Civ guide
Koreans
Perfil
Jugador #5464646